Map: King Sejong Station LE

Players

FinnsoN - Winner!

  • Race: Terran Terran
  • League: Master

Triaz

  • Race: Zerg Zerg
  • League: Master

VOD

Have the link to the VOD?

Description

Time

  • Played on: July 9, 2016, 6:14 p.m.
  • Length: 14:49
Show
View Real Time Build Order
Export as new Build Order

FinnsoN Terran - Winner!

Build Orders: Reaper Expand, MMM Bio 

Get SALT Encoding   

  12  0:01  SCV  
  13  0:13  SCV  
  14  0:17  Supply Depot  
  14  0:25  SCV  
  15  0:39  SCV  
  15  0:40  Barracks  
  16  0:44  Refinery  
  16  0:51  SCV  
  17  1:03  SCV  
  18  1:15  SCV  
  19  1:27  Reaper  
  19  1:29  Orbital Command  
  20  1:42  Command Center  
  20  1:51  Supply Depot  
  20  1:55  SCV  
  20  2:01  Barracks Reactor  
  21  2:07  SCV  
  22  2:19  SCV  
  22  2:21  Factory  
  23  2:31  SCV  
  24  2:39  Marine x2  
  24  2:42  Refinery  
  24  2:43  SCV  
  27  2:55  Orbital Command  
  27  2:56  SCV  
  28  3:05  Starport  
  28  3:08  SCV  
  28  3:09  Marine  
  28  3:10  Hellion  
  28  3:11  Hellion  
  34  3:16  Supply Depot  
  34  3:20  SCV  
  34  3:23  SCV  
  35  3:27  Marine  
  35  3:32  SCV  
  37  3:35  SCV, Hellion x2  
  37  3:39  Bunker  
  42  3:42  Supply Depot  
  42  3:43  Medivac  
  42  3:44  SCV  
  42  3:47  SCV  
  46  3:53  Armory  
  46  3:55  Marine  
  46  3:57  Hellion  
  46  4:02  Hellion  
  51  4:04  SCV x2  
  51  4:07  Liberator  
  53  4:14  Marine  
  54  4:20  Hellion  
  54  4:23  Hellion  
  58  4:26  SCV  
  62  4:32  SCV  
  62  4:34  Supply Depot, Barracks Tech Lab  
  63  4:45  SCV  
  64  4:50  Supply Depot, Hellion, Command Center  
  68  4:59  SCV  
  61  5:07  Marine  
  61  5:11  SCV  
  52  5:15  SCV  
  53  5:23  SCV  
  53  5:25  Marine  
  55  5:28  Factory Tech Lab  
  55  5:29  SCV  
  55  5:30  Stimpack  
  55  5:31  Starport Reactor, Barracks  
  55  5:33  Barracks  
  56  5:35  SCV  
  56  5:41  SCV  
  58  5:47  SCV  
  58  5:48  Engineering Bay  
  58  5:49  Marine, Refinery x2, Engineering Bay  
  60  5:54  SCV  
  60  5:55  Siege Tank  
  64  5:57  Supply Depot  
  64  6:00  SCV  
  64  6:02  Orbital Command  
  65  6:06  SCV  
  65  6:07  Marine  
  65  6:11  Medivac x2  
  66  6:12  SCV  
  66  6:15  Terran Infantry Weapons Level 1  
  66  6:17  Terran Infantry Armor Level 1  
  66  6:18  SCV  
  70  6:24  SCV  
  72  6:26  Marine x2  
  72  6:29  Barracks Tech Lab  
  72  6:31  Orbital Command  
  72  6:32  Siege Tank  
  70  6:33  Marine  
  70  6:36  SCV  
  72  6:40  SCV  
  72  6:41  Barracks  
  72  6:44  Marine, Barracks  
  72  6:46  Medivac  
  76  6:47  Marine  
  76  6:48  SCV, Marauder  
  80  6:56  SCV  
  80  7:00  Marine  
  82  7:02  SCV, Marine  
  82  7:04  Combat Shields  
  82  7:05  Marine  
  82  7:06  SCV  
  82  7:08  SCV, Marine  
  87  7:13  Bunker  
  88  7:15  Supply Depot  
  88  7:16  Supply Depot x2  
  88  7:18  Supply Depot, Marine  
  88  7:20  Marine  
  90  7:23  Marine  
  90  7:24  SCV  
  90  7:26  Marine, Medivac x2  
  90  7:28  SCV x2  
  100  7:31  Barracks Tech Lab  
  100  7:32  Barracks Reactor  
  100  7:34  Siege Tank  
  100  7:36  Marine  
  103  7:37  SCV  
  103  7:41  Supply Depot  
  103  7:43  SCV  
  105  7:45  Marine, Concussive Shells  
  105  7:46  Marauder  
  105  7:49  SCV  
  109  7:54  Supply Depot x2, SCV  
  114  7:59  Medivac  
  114  8:00  Medivac  
  114  8:04  Marine, Marauder  
  114  8:05  SCV, Marauder  
  119  8:06  SCV  
  119  8:11  Marine, Barracks x2  
  119  8:12  Refinery  
  122  8:13  Factory, Refinery  
  122  8:14  Barracks  
  122  8:19  Supply Depot  
  122  8:26  Terran Infantry Weapons Level 2  
  122  8:27  Marine x6  
  122  8:29  SCV, Marine  
  122  8:30  SCV  
  131  8:36  Supply Depot  
  131  8:39  Supply Depot  
  131  8:42  Terran Infantry Armor Level 2  
  131  8:45  Marine x6  
  131  8:47  Marine  
  138  9:03  Marine x7  
  138  9:04  Marine  
  138  9:05  Marine  
  138  9:17  Siege Tank  
  138  9:20  Marine  
  138  9:21  Marine x5  
  138  9:22  Factory Tech Lab  
  148  9:25  Barracks Tech Lab x2  
  148  9:27  Barracks Reactor  
  136  9:36  Command Center  
  136  9:37  Missile Turret  
  136  9:39  Missile Turret  
  136  9:44  Missile Turret  
  136  9:48  Supply Depot  
  136  9:49  Supply Depot, Siege Tank  
  136  9:51  Supply Depot  
  136  9:52  Supply Depot, Marine  
  139  9:53  Marauder x2  
  139  9:54  Supply Depot  
  139  9:56  Siege Tank  
  147  10:07  Command Center  
  145  10:11  Marine x2  
  145  10:14  Marine  
  143  10:18  Marine  
  143  10:19  Marine x5  
  143  10:21  Marine x2, Siege Tank  
  146  10:27  Barracks x2  
  150  10:29  Marine x2  
  150  10:31  Starport  
  150  10:32  Marine  
  153  10:36  Marine  
  153  10:37  Marine x5  
  153  10:38  Marine  
  153  10:39  Marine  
  161  10:46  Marine  
  161  10:47  Marine  
  161  10:49  Marine, Terran Infantry Weapons Level 3  
  163  10:54  Marine x4  
  163  10:56  Marine  
  169  10:57  Marine  
  172  11:04  Marine  
  171  11:12  Siege Tank  
  171  11:16  Siege Tank  
  177  11:18  Command Center  
  177  11:22  Liberator  
  177  11:23  Liberator  
  177  11:25  Marine  
  177  11:26  Marauder x2  
  177  11:27  Marine  
  177  11:28  Marauder  
  184  11:44  Siege Tank  
  187  11:53  Marine  
  181  11:54  Marine x2  
  166  12:03  Marauder  
  166  12:05  Marine, Liberator x2  
  150  12:10  Marauder x2  
  141  12:21  Marine, Marauder  
  141  12:22  Marauder  
  140  12:29  Thor  
  147  12:35  Planetary Fortress  
  147  12:39  Barracks Tech Lab x2  
  145  12:48  Starport, Liberator x2  
  145  12:49  Marine x2, Marauder  
  149  12:56  Missile Turret  
  149  12:58  Refinery  
  149  12:59  Marauder  
  149  13:04  SCV, Marine  
  149  13:19  Marine  
  137  13:20  Marauder x3  
  137  13:21  Marine  
  137  13:24  SCV  
  137  13:26  Marine x2, Marauder x3  
  133  13:41  Marine, Marauder x2  
  133  13:44  Marauder x2  
  133  13:47  Starport Reactor  
  133  13:48  Medivac  
  116  13:49  Marauder  
  101  13:55  Orbital Command, Reaper  
  101  14:00  Marine, Marauder x2  
  101  14:01  Marine  
  101  14:02  Marine  
  95  14:05  Marine  
  95  14:07  SCV, Marine  
  92  14:11  SCV x2  
  94  14:19  SCV  
  99  14:29  Marine  
  102  14:33  SCV  
  105  14:42  Refinery x2  
  105  14:43  Missile Turret  
Show
View Real Time Build Order
Export as new Build Order

Triaz Zerg 

Build Orders: Hatch First 

Get SALT Encoding   

  12  0:01  Drone  
  13  0:15  Overlord  
  13  0:27  Drone  
  14  0:33  Drone  
  14  0:34  Drone  
  16  0:40  Drone  
  17  0:52  Hatchery  
  16  0:58  Drone, Extractor  
  16  1:01  Drone  
  17  1:16  Spawning Pool  
  16  1:19  Drone  
  16  1:23  Drone  
  18  1:33  Drone  
  19  1:46  Overlord  
  19  1:56  Drone  
  20  2:06  Queen x2  
  20  2:07  Metabolic Boost  
  24  2:10  Zergling x2  
  24  2:13  Zergling x2  
  26  2:29  Extractor  
  26  2:30  Drone x3  
  26  2:33  Drone  
  26  2:36  Drone  
  26  2:37  Drone  
  31  2:46  Queen  
  33  2:54  Drone x2  
  35  3:03  Overlord  
  35  3:20  Overlord  
  35  3:22  Drone x8  
  43  3:34  Evolution Chamber  
  43  3:35  Roach Warren  
  43  3:38  Drone  
  43  3:39  Drone, Overlord  
  43  3:41  Drone  
  44  3:50  Overlord  
  44  3:54  Drone x4, Extractor  
  44  3:55  Extractor  
  46  3:58  Drone x3  
  46  4:02  Zerg Ground Armor Level 1  
  49  4:16  Hatchery  
  48  4:22  Extractor  
  48  4:24  Drone x3  
  49  4:25  Roach x2  
  49  4:27  Roach  
  49  4:29  Roach  
  58  4:32  Roach  
  58  4:36  Roach  
  58  4:37  Roach  
  64  4:42  Roach x2  
  66  5:00  Roach  
  61  5:15  Drone x7  
  61  5:18  Overlord  
  68  5:23  Lair  
  68  5:27  Queen  
  70  5:31  Queen  
  70  5:33  Ravager  
  70  5:34  Ravager  
  73  5:36  Ravager  
  73  5:53  Drone x4  
  73  5:54  Drone  
  78  6:03  Queen  
  80  6:15  Drone x2  
  80  6:16  Overlord x3  
  80  6:32  Zerg Ground Armor Level 2, Glial Reconstitution  
  80  6:34  Drone  
  80  6:35  Drone x8  
  80  6:37  Drone  
  80  6:38  Overseer  
  90  6:40  Overseer  
  90  6:47  Drone x4  
  90  6:48  Drone x2  
  90  6:49  Drone  
  97  7:08  Extractor, Hatchery  
  97  7:10  Extractor  
  94  7:16  Spore Crawler  
  94  7:17  Spore Crawler x2, Overlord x6  
  91  7:23  Infestation Pit  
  90  7:33  Roach x4  
  98  7:43  Infestation Pit  
  97  7:46  Roach x9  
  97  7:49  Ravager  
  97  7:50  Ravager x5  
  121  8:00  Pneumatized Carapace  
  121  8:04  Roach  
  121  8:05  Roach x5  
  133  8:07  Drone x3  
  133  8:09  Drone  
  137  8:15  Drone x4  
  137  8:18  Drone x2  
  143  8:20  Drone  
  143  8:24  Hive  
  144  8:29  Ravager x4  
  144  8:30  Ravager  
  149  8:34  Zergling x2  
  149  8:35  Zergling x4  
  149  8:36  Overlord x2  
  148  9:09  Roach x8  
  158  9:16  Zergling x20  
  168  9:38  Overlord x3  
  168  9:39  Extractor  
  167  9:47  Overlord x2  
  167  9:51  Ultralisk Cavern, Zerg Melee Weapons Level 1  
  166  10:04  Roach x7  
  166  10:05  Roach x5  
  176  10:16  Roach x4  
  172  10:30  Infestor x4  
  180  10:39  Drone x4, Extractor x2  
  182  10:59  Chitinous Plating  
  182  11:00  Overlord  
  182  11:01  Overlord x2  
  182  11:03  Queen  
  182  11:04  Hatchery  
  183  11:21  Ultralisk x2  
  175  11:48  Ultralisk x4  
  172  12:03  Ultralisk  
  152  12:12  Zergling x20  
  152  12:13  Zergling x16  
  144  12:26  Zergling x4, Ultralisk x2  
  158  12:33  Ravager  
  158  12:35  Zergling x4  
  161  12:45  Zergling x6  
  158  12:55  Zergling x4  
  158  12:56  Zergling x2  
  158  12:58  Roach x2  
  158  12:59  Zergling x4  
  125  13:29  Zergling x2, Ultralisk x2  
  125  13:30  Zergling x2  
  101  14:02  Zergling x10  
  66  14:11  Drone  
  63  14:20  Drone  
  64  14:30  Drone  
  65  14:32  Drone  
Tags
 
Add a new tag
Caveats
  • Supply blocks, unpowered buildings, or Contaminate may cause inaccurate times.
  • Supply counts are checked every 10 seconds.